 Dungeon Crawl Stone Soup version 0.19-a0-1875-g4fea3da (webtiles) character file.

11915 Alarkh the Spear-Bearer (level 11, 69/69 HPs)
             Began as a Mummy Skald on Oct 13, 2016.
             Was a Priest of Hepliaklqana.
             Safely got out of the dungeon.
             The game lasted 00:24:07 (11866 turns).

Alarkh the Spear-Bearer (Mummy Skald)              Turns: 11866, Time: 00:24:07

Health: 69/69      AC: 13    Str: 15    XL:     11   Next: 55%
Magic:  24/24      EV: 12    Int: 15    God:    Hepliaklqana [***...]
Gold:   555        SH:  0    Dex: 12    Spells: 3 memorised, 22 levels left

rFire  x . .     SeeInvis .     b - +2 trident (freeze)
rCold  + . .     Gourm    .     B - +0 mottled dragon scales
rNeg   + + +     Faith    .     (no shield)
rPois  ∞         Spirit   .     y - +2 hat
rElec  .         Dismiss  .     i - +0 cloak
rCorr  .         Reflect  .     K - +1 pair of gloves
MR     ++...     Harm     .     F - +0 pair of boots
Stlth  ..........               (no amulet)
                                I - ring of loudness (curse)
                                v - ring of protection from magic

@: no status effects
A: no food or potions, fire vulnerability, reduced essence, cold resistance 1,
negative energy resistance 3, torment resistance, unbreathing
a: Recall Ancestor, Ancestor Identity, Transference, Renounce Religion


You escaped.
You worshipped Hepliaklqana.
Hepliaklqana was most pleased with you.
You were not hungry.

You visited 1 branch of the dungeon, and saw 10 of its levels.

You collected 555 gold pieces.

Inventory:

Hand Weapons
 a - a +0 spear of venom
 b - a +2 trident of freezing (weapon)
 f - a +0 spear
 t - a +1 halberd of pain
 G - the +7 long sword "Stringbean" {drain, +Rage Str+4 Dex-5}
   (You found it on level 9 of the Dungeon)

   A truly terrible weapon, it drains the life of those it strikes.
   It affects your strength (+4).
   It affects your dexterity (-5).
   It lets you go berserk.
Armour
 i - a +0 cloak (worn)
 l - a +0 ring mail
 y - a +2 hat (worn)
 A - the +1 ring mail "Jaqodgh" {MR+ Dex+5}
   (You found it on level 8 of the Dungeon)

   It affects your dexterity (+5).
   It affects your resistance to hostile enchantments.
 B - +0 mottled dragon scales (worn)
 C - a +0 pair of gloves
 D - a +0 leather armour
 F - a +0 pair of boots (worn)
 K - a +1 pair of gloves (worn)
Magical Staves
 x - an uncursed staff of cold
Jewellery
 v - a ring of protection from magic (left hand)
 w - an uncursed ring of ice
 H - an uncursed ring of teleportation
 I - a cursed ring of loudness (right hand)
Wands
 g - a wand of disintegration (7/24)
 p - a wand of iceblast (8/15)
 r - a wand of polymorph (16/24)
 E - a wand of iceblast (5/15)
 L - a wand of disintegration (7/24)
Scrolls
 d - 4 scrolls of magic mapping
 e - a scroll of identify
 j - a scroll of fog
 k - 4 scrolls of immolation
 m - a scroll of blinking {unknown}
 n - 4 scrolls of teleportation {unknown}
 o - 3 scrolls of amnesia {unknown}
 q - a scroll of fear
 s - a scroll of enchant armour {unknown}
 u - 2 scrolls of noise {unknown}
 z - 2 scrolls of recharging {unknown}
Books
 c - a book of Battle

   Spells                             Type                      Level
   a - Infusion                       Charms                       1
   b - Shroud of Golubria             Charms/Translocation         2
   c - Song of Slaying                Charms                       2
   d - Spectral Weapon                Hexes/Charms                 3
   e - Regeneration                   Charms/Necromancy            3
 h - a book of Changes

   Spells                             Type                      Level
   a - Beastly Appendage              Transmutation                1
   b - Sticks to Snakes               Transmutation                2
   c - Spider Form                    Transmutation/Poison         3
   d - Ice Form                       Ice/Transmutation            4
   e - Blade Hands                    Transmutation                5
 J - the Grimoire of Flying Cold
   (You found it on level 9 of the Dungeon)

   Spells                             Type                      Level
   a - Mephitic Cloud                 Conjuration/Poison/Air       3
   b - Airstrike                      Air                          4
   c - Summon Lightning Spire         Summoning/Air                4
   d - Metabolic Englaciation         Hexes/Ice                    5


   Skills:
 + Level 4.0 Fighting
 * Level 9.3 Polearms
 + Level 2.9 Armour
 + Level 3.0 Dodging
 - Level 9.0 Spellcasting
 - Level 8.3 Charms
 + Level 2.5 Invocations


You had 22 spell levels left.
You knew the following spells:

 Your Spells              Type           Power        Failure   Level  Hunger
a - Spectral Weapon       Hex/Chrm       ###.....     12%         3    N/A
b - Shroud of Golubria    Chrm/Tloc      ###.......   6%          2    N/A
c - Infusion              Chrm           ####         1%          1    N/A

Dungeon Overview and Level Annotations

Branches:
Dungeon (10/15)            Temple (0/1) D:7            Lair (0/6) D:9
    Orc: D:9-12

Altars:
Ashenzari
Dithmenos
Fedhas
Gozag
Hepliaklqana
Kikubaaqudgha
Makhleb
Okawaru
Qazlal
Ru
Sif Muna
Trog
Vehumet
Xom
Yredelemnul

Shops:
D:6 [


Innate Abilities, Weirdness & Mutations

You do not eat or drink.
Your flesh is vulnerable to fire.
You are immune to poison.
Your flesh is cold resistant. (rC+)
You are immune to negative energy. (rN+++)
You are immune to unholy pain and torment.
You can survive without breathing.
Your life essence is reduced. (-10% HP)


Message History

(D) Dungeon (T) Temple (L) Lair
Where to? (Enter - D:1, ? - help)
You see here a worker ant corpse.
Magic restored.
Your spectral weapon fades away.
There is a stone staircase leading up here.
You climb upwards.
There is a stone staircase leading down here.
There is a stone staircase leading up here.
You climb upwards.
There is a stone staircase leading down here.
There is a stone staircase leading up here.
You climb upwards.
There is a stone staircase leading down here.
There is a stone staircase leading up here.
You climb upwards.
There is a stone staircase leading down here.
There is a staircase leading out of the dungeon here.
Are you sure you want to leave the Dungeon?
This will make you lose the game!
You have escaped!

.#.......#...............##.##...
.#....##....#########..#.#.......
......##....# #(..###..#.#....##.
............♣♣##(##PP....#.......
###.#.......).♣#(#♣..........##.#
..#.#..##..........[.............
........#.....♣#.#♣.............#
..###..)..(.PP##.##♣..#...#†....#
.####%......###.@.###.#...#......
............#########............
#............................####
####...............[..........#
..............................#
.........(...#....>.........(.#
##)##.........................#
#..###.#..#...>...%...........##
#.## #.......#.................#


There were no monsters in sight!

Vanquished Creatures
  Gastronok (D:8)
  The ghost of Sar the Fighter, a novice DgAM (D:9)
  An unseen horror (D:10)
  A flayed ghost (D:9)
  Maurice (D:8)
  Joseph (D:7)
  2 hippogriffs
  3 wraiths (D:9)
  A yak (D:9)
  7 fire bats (D:9)
  2 hogs (D:9)
  A human (D:9)
  A mottled dragon (D:9)
  A water moccasin (D:10)
  2 orc warriors (D:7)
  A black bear (D:9)
  2 ice beasts
  3 phantoms
  The ghost of p0werm0de the Insei, an amateur OpAK of Lugonu (D:3)
  A centaur (D:8)
  2 crocodiles (D:9)
  A gnoll sergeant (D:4)
  2 bullfrogs (D:6)
  A water moccasin zombie (D:9)
  A wyvern skeleton (D:8)
  A scorpion (D:6)
  8 killer bees
  2 howler monkeys
  4 wights (D:6)
  A bullfrog zombie (D:6)
  3 crimson imps
  A centaur zombie (D:5)
  2 jellies
  2 orc priests
  3 hounds
  A bullfrog skeleton (D:5)
  13 orc wizards
  4 iguanas
  A worker ant (D:5)
  A hound skeleton (D:9)
  A worker ant zombie (D:4)
  Robin (D:3)
  A gnoll (D:4)
  10 adders
  5 shadow imps
  2 oozes (D:2)
  2 adder skeletons
  2 worms
  4 dart slugs
  6 leopard geckos
  18 orcs
  A ball python (D:4)
  52 bats
  10 giant cockroaches
  17 goblins
  11 hobgoblins
  5 jackals
  3 quokkas
  3 frilled lizards
  A jackal zombie (D:8)
  12 kobolds
  A leopard gecko skeleton (D:4)
  A quokka zombie (D:6)
  7 rats
264 creatures vanquished.

Vanquished Creatures (collateral kills)
  Sigmund (D:3)
  2 wraiths (D:9)
  A yak (D:9)
  4 fire bats (D:9)
  An ice beast (D:6)
  A black bear (D:7)
  2 ogres
  A big kobold (D:8)
  4 killer bees
  4 wights (D:6)
  2 crimson imps
  A jelly (D:9)
  A hound (D:9)
  An orc priest (D:5)
  A centaur skeleton (D:7)
  2 orc wizards
  3 worker ants
  2 hound skeletons
  2 gnolls (D:4)
  12 orcs
  A jackal (D:6)
  A quokka (D:8)
  13 bats (D:9)
  A rat (D:3)
64 creatures vanquished.

Vanquished Creatures (others)
  7 hexers
  5 ancestors (D:6)
  3 spectral weapons
15 creatures vanquished.

Grand Total: 343 creatures vanquished

Notes
Turn   | Place    | Note
-------+----------+-------------------------------------------
     0 | D:1      | Alarkh the Mummy Skald began the quest for the Orb.
     0 | D:1      | Reached XP level 1. HP: 16/16 MP: 3/3
   239 | D:1      | Reached XP level 2. HP: 9/22 MP: 5/5
   944 | D:1      | Reached XP level 3. HP: 27/27 MP: 3/6
   948 | D:1      | Learned a level 2 spell: Shroud of Golubria
   952 | D:1      | Learned a level 3 spell: Spectral Weapon
  1613 | D:2      | Reached XP level 4. HP: 11/33 MP: 1/8
  2034 | D:3      | Noticed p0werm0de's ghost (amateur OpAK)
  2210 | D:3      | Noticed Robin
  2645 | D:3      | Killed Robin
  2720 | D:3      | Noticed Sigmund
  2904 | D:3      | Reached XP level 5. HP: 28/38 MP: 0/9
  3107 | D:5      | Entered Level 5 of the Dungeon
  3479 | D:4      | You fall through a shaft for 2 floors!
  3693 | D:6      | Noticed an ice beast
  3951 | D:7      | Reached XP level 6. HP: 41/44 MP: 6/11
  4129 | D:5      | Found a hazy altar of Hepliaklqana.
  4137 | D:5      | Became a worshipper of Hepliaklqana the Forgotten
  4266 | D:6      | Killed an ice beast
  4537 | D:6      | Reached XP level 7. HP: 34/45 MP: 7/13
  5561 | D:5      | Reached skill level 5 in Spellcasting
  5561 | D:5      | Reached skill level 5 in Charms
  5764 | D:5      | Reached XP level 8. HP: 37/50 MP: 11/15
  5771 | D:5      | Reached * piety under Hepliaklqana
  5864 | D:5      | Found a basalt altar of Yredelemnul.
  5864 | D:5      | Found an opulent altar of Gozag.
  5864 | D:5      | Found a burning altar of Makhleb.
  5866 | D:5      | Got an ivory long sword
  5867 | D:5      | Identified the +3 long sword "Aschejoci" {flame, *Rage rPois rN++} (You found it on level 5 of the Dungeon)
  6095 | D:5      | Reached skill level 5 in Polearms
  6211 | D:5      | Found an iron altar of Okawaru.
  6211 | D:5      | Found a blossoming altar of Fedhas.
  6309 | D:6      | Found Faipnomp's Armour Boutique.
  6427 | D:6      | Found a shadowy altar of Dithmenos.
  6427 | D:6      | Found a sacrificial altar of Ru.
  6547 | D:6      | Reached ** piety under Hepliaklqana
  6548 | D:6      | Remembered your ancestor Sunngifu as a hexer
  6666 | D:7      | Found a staircase to the Ecumenical Temple.
  7040 | D:7      | Noticed a hippogriff
  7050 | D:7      | Killed a hippogriff
  7056 | D:7      | Reached XP level 9. HP: 47/54 MP: 15/18
  7246 | D:7      | Found a deep blue altar of Sif Muna.
  7583 | D:8      | Noticed Gastronok
  7612 | D:8      | Killed Gastronok
  7641 | D:8      | Noticed Maurice
  7671 | D:8      | Killed Maurice
  7671 | D:8      | Reached XP level 10. HP: 51/60 MP: 20/22
  7766 | D:8      | Got an ichor-stained ring mail
  7774 | D:8      | Noticed Joseph
  8419 | D:4      | Identified the +1 ring mail "Jaqodgh" {MR+ Dex+5} (You found it on level 8 of the Dungeon)
  8678 | D:3      | Killed p0werm0de's ghost
  8803 | D:3      | Killed Sigmund
  8964 | D:7      | Killed Joseph
  9227 | D:8      | Found a shattered altar of Ashenzari.
  9247 | D:8      | Found a shimmering altar of Xom.
  9249 | D:8      | Found an opulent altar of Gozag.
  9249 | D:8      | Found a hide-covered altar of Uskayaw.
  9260 | D:8      | Found a stormy altar of Qazlal.
  9260 | D:8      | Found a bloodstained altar of Trog.
  9260 | D:8      | Found a basalt altar of Yredelemnul.
  9716 | D:9      | Noticed Sar's ghost (novice DgAM)
  9735 | D:9      | Killed Sar's ghost
  9772 | D:9      | Reached *** piety under Hepliaklqana
  9777 | D:9      | Reached skill level 1 in Dodging
  9897 | D:9      | Reached skill level 1 in Armour
  9918 | D:9      | Got a transparent long sword
  9919 | D:9      | Identified the +7 long sword "Stringbean" {drain, +Rage Str+4 Dex-5} (You found it on level 9 of the Dungeon)
 10042 | D:9      | Found a bloodstained altar of Trog.
 10141 | D:9      | Found an ancient bone altar of Kikubaaqudgha.
 10156 | D:9      | Reached XP level 11. HP: 14/66 MP: 24/24
 10598 | D:9      | Found a staircase to the Lair.
 10623 | D:9      | Reached skill level 1 in Invocations
 10641 | D:9      | Found a radiant altar of Vehumet.
 10752 | D:9      | Found a runed door.
 10786 | D:9      | Found a hazy altar of Hepliaklqana.
 10794 | D:9      | Found a shattered altar of Ashenzari.
 10835 | D:9      | Found a blossoming altar of Fedhas.
 10889 | D:9      | Found a burning altar of Makhleb.
 11176 | D:9      | Noticed a flayed ghost
 11187 | D:9      | Killed a flayed ghost
 11196 | D:9      | Identified the Grimoire of Flying Cold
 11239 | D:10     | Entered Level 10 of the Dungeon
 11239 | D:10     | Found a blossoming altar of Fedhas.
 11316 | D:10     | Killed an unseen horror
 11866 | D:$      | Safely got out of the dungeon.

Vault maps used:
D:1:      sevenhm_arrival_forest_fort_small_4, serial_park_tiny_2,
          hangedman_decor_peaks_small
D:3:      uniq_robin, uniq_sigmund
D:4:      serial_bayou_pond_a, lightli_minifort
D:5:      gammafunk_temple_overflow_forgotten, nicolae_overflow_hidden_temple,
          gammafunk_temple_overflow_wave, first_bread
D:6:      gammafunk_temple_overflow_statue, serial_shops, shop_fountains,
          hangedman_abyss_or_decor_stagger
D:7:      kennysheep_orc_sif_temple
D:8:      doesnt_xom_only_xom, kennysheep_mini_moat, uniq_gastronok,
          uniq_maurice, uniq_joseph
D:9:      due_megacathedral, lemuel_doored_altar, lair_0_dummy, grunt_livestock
D:10:     hiddenorc2_lemuel, basic_altar

Skill      XL: |  1  2  3  4  5  6  7  8  9 10 11 |
---------------+----------------------------------+-----
Polearms       | 2 3 4 5 7 8 9 |  9.3
Charms         | 3 4 5 6 7 8 |  8.3
Spellcasting   | 3 4 5 6 8 9 |  9.0
Dodging        | 1 3 |  3.0
Armour         | 1 2 |  2.9
Fighting       | 4 |  4.0
Invocations    | 2 |  2.5

Action                   |  1- 3 |  4- 6 |  7- 9 | 10-12 || total
-------------------------+-------+-------+-------+-------++-------
Melee: Spear             |   164 |   215 |   312 |   111 ||   802
       Trident           |       |       |       |   428 ||   428
 Cast: Infusion          |    25 |    29 |     9 |     6 ||    69
       Shroud of Golubri |       |     4 |     5 |     7 ||    16
       Spectral Weapon   |       |       |    15 |    35 ||    50
Invok: Ancestor Identity |       |     2 |       |       ||     2
       Recall Ancestor   |       |       |     3 |     4 ||     7
       Ancestor Life: He |       |       |     1 |       ||     1
  Use: Scroll            |       |     4 |     4 |     3 ||    11
 Stab: Confused          |       |       |     3 |     6 ||     9
       Distracted        |       |       |     3 |     7 ||    10
       Fleeing           |       |       |       |     1 ||     1
Armor: Leather armour    |    50 |    50 |    30 |    10 ||   140
       Ring mail         |       |     2 |       |   129 ||   131
       Mottled dragon sc |       |       |       |    54 ||    54
Dodge: Dodged            |   104 |   112 |    96 |   265 ||   577
